 Dungeon Crawl Stone Soup version 0.18.1-51-gd549091e01 (webtiles) character file.

7316 mopl the Thaumaturge (level 10, -22/55 (56) HPs)
             Began as a Deep Elf Summoner on Dec 11, 2019.
             Was a High Priest of Sif Muna.
             Hit by a javelin of returning thrown by Urug (29 damage)
             ... on level 11 of the Dungeon.
             The game lasted 00:27:38 (12270 turns).

mopl the Thaumaturge (Deep Elf Summoner)           Turns: 12270, Time: 00:27:39

HP:   -22/55 (56)   AC:  6    Str:  5    XL:     10   Next: 90%
MP:   31/45         EV: 13    Int: 24    God:    Sif Muna [*****.]
Gold: 785           SH:  0    Dex: 15    Spells: 6 memorised, 15 levels left

rFire  . . .     SeeInvis .     a - +0 trident (venom)
rCold  . . .     Gourm    .     P - +0 robe
rNeg   . . .     Faith    .     (no shield)
rPois  .         Spirit   .     q - +2 helmet
rElec  .         Dismiss  +     (no cloak)
rCorr  .         Reflect  .     v - +0 pair of gloves
SustAt .         Harm     .     (no boots)
MR     +....                    X - amulet of dismissal
Stlth  ++........               p - ring of magical power
                                E - ring of magical power

@: somewhat resistant to hostile enchantments, unstealthy
A: no striking features
a: Channel Energy, Forget Spell, Renounce Religion


You were on level 11 of the Dungeon.
You worshipped Sif Muna.
Sif Muna was extremely pleased with you.
You were not hungry.

You visited 2 branches of the dungeon, and saw 12 of its levels.

You collected 785 gold pieces.

Inventory:

Hand Weapons
 a - a +0 trident of venom (weapon)
 k - a +0 blowgun
Missiles
 F - 20 poisoned needles
Armour
 q - a +2 helmet (worn)
 v - a +0 pair of gloves (worn)
 x - a mottled dragon hide
 y - a +0 ring mail of fire resistance
 P - a +0 robe (worn)
 Z - a +0 buckler
Jewellery
 e - an uncursed ring of protection from magic
 p - a ring of magical power (right hand)
 E - a ring of magical power (left hand)
 I - an uncursed ring of protection from fire
 L - a +4 ring of slaying
 X - an amulet of dismissal (around neck)
Wands
 w - a wand of slowing (16/48)
 K - a wand of iceblast (11/15)
 S - a wand of iceblast (10/15)
 U - a wand of enslavement (18/24)
Scrolls
 d - 2 scrolls of magic mapping {unknown}
 f - 3 scrolls of fog {unknown}
 l - 5 scrolls of recharging {unknown}
 m - 2 scrolls of remove curse
 o - 2 scrolls of amnesia {unknown}
 C - a scroll of enchant armour {unknown}
 J - a scroll of random uselessness {unknown}
 Q - 4 scrolls of teleportation {unknown}
 R - a scroll of summoning {unknown}
 W - a scroll of silence {unknown}
Potions
 g - 3 potions of heal wounds
 h - a potion of invisibility
 i - a potion of resistance
 j - 3 potions of lignification {!q}
 n - 2 potions of flight
 s - 5 potions of mutation {unknown}
 t - a potion of cancellation {unknown}
 u - 2 potions of cure mutation {unknown}
 B - 3 potions of haste {unknown}
 G - 2 potions of magic {unknown}
 H - 2 potions of degeneration {unknown}
 N - a potion of might {unknown}
 T - a potion of curing
 V - a potion of beneficial mutation {unknown}
Books
 b - a book of Callings

   Spells                             Type                      Level
   a - Summon Small Mammal            Summoning                    1
   b - Call Imp                       Summoning                    2
   c - Call Canine Familiar           Summoning                    3
   d - Summon Guardian Golem          Hexes/Summoning              3
   e - Summon Lightning Spire         Summoning/Air                4
   f - Summon Ice Beast               Ice/Summoning                4
Miscellaneous
 O - a plain deck of defence
Comestibles
 c - 6 bread rations
 r - 3 meat rations
 z - a royal jelly
 A - 2 slices of pizza
 D - 3 beef jerkies
 M - 16 fruits
 Y - 2 chunks of flesh


   Skills:
 + Level 3.7 Fighting
 + Level 1.0 Polearms
 + Level 1.0 Armour
 - Level 2.4 Dodging
 - Level 2.4 Stealth
 + Level 2.5 Shields
 * Level 11.6 Spellcasting
 - Level 3.0 Hexes
 * Level 10.7 Summonings
 - Level 5.0 Ice Magic
 - Level 5.0 Air Magic
 + Level 5.7 Invocations


You had 15 spell levels left.
You knew the following spells:

 Your Spells              Type           Power        Failure   Level  Hunger
a - Summon Small Mammal   Summ           ####         1%          1    None
b - Call Imp              Summ           ######..     1%          2    None
c - Call Canine Familiar  Summ           ######..     1%          3    None
d - Summon Ice Beast      Ice/Summ       ######..     1%          4    None
f - Summon Lightning Spi  Summ/Air       ######..     1%          4    None
g - Summon Guardian Gole  Hex/Summ       #####...     1%          3    None


Dungeon Overview and Level Annotations

Branches:
Dungeon (11/15)            Temple (1/1) D:4            Lair (0/8) D:11
    Orc (0/2) D:9

Altars:
Ashenzari
Cheibriados
Dithmenos
Elyvilon
Fedhas
Gozag
Kikubaaqudgha
Makhleb
Nemelex Xobeh
Okawaru
Pakellas
Qazlal
Ru
Sif Muna
Trog
Vehumet
Xom
Yredelemnul
Zin
The Shining One

Shops:
D:4 (

Annotations:
D:11 Urug


Message History

The wraith is destroyed!
Your Polearms skill increases to level 1!
Unknown command.
Your lightning spire disappears in a puff of smoke!
Urug the Orcish Ballista comes into view.
He is wielding a battleaxe.
Urug shouts!
Urug throws a javelin of returning.
The javelin of returning hits you but does no damage.
The weapon returns to Urug!
Urug throws a javelin of returning.
The javelin of returning hits you!
You see here a javelin of returning.
Urug throws a javelin of returning.
The javelin of returning hits you!!
* * * LOW HITPOINT WARNING * * *
The weapon returns to Urug!
You see here a howler monkey corpse.
You swap places.
Your ice beast disappears in a puff of smoke!
Urug throws a javelin of returning.
The javelin of returning hits you!!
Ouch! That really hurt!
You die...

PPPPP....PPP.P##...#
..P..P...PPPP....#..#
....P.PP..PPP....##..##
.........P.PP.P..####.##
..P....>.P.PP...##.....###
.........P.PP.P##.>.......
...........P...#.........#
.P.P.P.........##.....#
...P.........÷Yh@§.#
....PP......P..####†..#
.........# ...o#
PPP..P..## ###....
....P...# ##. ..P....##
....### ####


You could see Urug, a friendly ice beast and a friendly wolf.

Vanquished Creatures
  5 yaks
  A black bear (D:11)
  A centaur (D:8)
  A big kobold (D:7)
  2 giant frogs
  2 scorpions
  2 howler monkeys
  A wasp zombie (D:10)
  3 hounds
  A jelly (D:7)
  2 orc wizards
  A centaur skeleton (D:7)
  A gnoll shaman (D:4)
  An iguana (D:5)
  5 worker ants
  A hound skeleton (D:8)
  A gnoll (D:3)
  5 adders
  3 shadow imps
  3 oozes
  2 adder skeletons
  2 worms
  A giant gecko (D:6)
  12 orcs
  A ball python (D:5)
  6 giant cockroaches
  A gnoll zombie (D:3)
  3 goblins
  3 hobgoblins
  A jackal (D:1)
  3 quokkas
  8 bats
  2 giant newts
  A jackal zombie (D:7)
  9 kobolds
  A quokka skeleton (D:4)
  7 rats
105 creatures vanquished.

Vanquished Creatures (collateral kills)
  The ghost of PeterLawrence the Fighter, a journeyman MiFi of Okawaru (D:10)
  A hill giant (D:10)
  An ugly thing (D:11)
  2 trolls
  The ghost of Esos the Covered, an amateur DgIE (D:4)
  13 yaks
  A wraith (D:11)
  3 hippogriffs
  4 hungry ghosts
  A mottled dragon (D:11)
  Grum (D:10)
  8 orc warriors
  3 water moccasins
  2 ice beasts (D:5)
  2 sky beasts
  2 phantoms
  8 ogres
  2 centaurs
  A necrophage (D:10)
  3 wolves (D:10)
  A crocodile (D:11)
  2 elf zombies (D:10)
  2 big kobolds
  Blork the orc (D:4)
  4 giant frogs
  An elf skeleton (D:10)
  A scorpion (D:9)
  4 killer bees (D:10)
  5 wights
  An electric eel (D:11)
  3 howler monkeys (D:11)
  5 crimson imps
  A centaur zombie (D:6)
  A quasit (D:11)
  2 jellies
  3 hounds
  3 human zombies (D:10)
  7 orc wizards
  7 orc priests
  2 centaur skeletons
  3 giant frog skeletons
  An iguana (D:9)
  2 human skeletons (D:10)
  A worker ant (D:9)
  2 mummies (D:10)
  A howler monkey zombie (D:6)
  7 adders
  6 gnolls
  A howler monkey skeleton (D:10)
  A river rat (D:11)
  A shadow imp (D:8)
  4 worms
  2 giant geckos
  32 orcs
  6 bats
  4 giant cockroaches
  3 hobgoblins (D:1)
  A giant newt (D:3)
  A gnoll zombie (D:3)
  2 goblins (D:1)
  8 kobolds
  3 rats
  A fungus (D:11)
209 creatures vanquished.

Vanquished Creatures (others)
  31 fungi (D:11)
  12 plants (D:11)
43 creatures vanquished.

Grand Total: 357 creatures vanquished

Notes
Turn   | Place    | Note
--------------------------------------------------------------
     0 | D:1      | mopl the Deep Elf Summoner began the quest for the Orb.
     0 | D:1      | Reached XP level 1. HP: 10/10 MP: 6/6
   407 | D:1      | Reached XP level 2. HP: 9/15 MP: 2/8
   458 | D:1      | Learned a level 2 spell: Call Imp
  1231 | D:2      | Reached skill level 4 in Spellcasting
  1307 | D:2      | Reached XP level 3. HP: 2/19 MP: 6/10
  1588 | D:2      | Learned a level 3 spell: Call Canine Familiar
  1615 | D:2      | Reached skill level 5 in Summonings
  2401 | D:3      | Found a stormy altar of Qazlal.
  2512 | D:3      | Reached XP level 4. HP: 16/24 MP: 12/12
  2522 | D:3      | Learned a level 4 spell: Summon Ice Beast
  2638 | D:3      | Noticed an orc warrior
  2711 | D:3      | Found a shadowy altar of Dithmenos.
  2765 | D:3      | Reached skill level 5 in Spellcasting
  2818 | D:3      | Reached skill level 1 in Ice Magic
  2935 | D:3      | Learned a level 3 spell: Summon Guardian Golem
  3100 | D:3      | Reached XP level 5. HP: 28/28 MP: 14/14
  3107 | D:3      | Found a bloodstained altar of Trog.
  3457 | D:3      | Found a basalt altar of Yredelemnul.
  3793 | D:4      | Found Geaz's Antique Weapon Shop.
  3816 | D:4      | Noticed Esos's ghost (amateur DgIE)
  3831 | D:4      | Noticed an ogre
  4048 | D:4      | Killed an ogre
  4048 | D:4      | Reached skill level 1 in Hexes
  4098 | D:4      | Noticed Blork the orc
  4116 | D:4      | Killed Esos's ghost
  4116 | D:4      | Reached skill level 6 in Summonings
  4116 | D:4      | Reached skill level 2 in Ice Magic
  4116 | D:4      | Reached XP level 6. HP: 32/32 MP: 9/16
  4128 | D:4      | Killed Blork the orc
  4128 | D:4      | Reached skill level 6 in Spellcasting
  4149 | D:4      | Found a staircase to the Ecumenical Temple.
  4176 | D:4      | Killed an orc warrior
  4176 | D:4      | Reached skill level 2 in Hexes
  4196 | Temple   | Entered the Ecumenical Temple
  4248 | Temple   | Became a worshipper of Sif Muna the Loreminder
  4254 | Temple   | Learned a level 4 spell: Summon Lightning Spire
  4430 | D:4      | Found a snail-covered altar of Cheibriados.
  4481 | D:4      | Reached skill level 1 in Invocations
  4505 | D:4      | Found an opulent altar of Gozag.
  4655 | D:4      | Found an ancient bone altar of Kikubaaqudgha.
  4793 | D:4      | Reached XP level 7. HP: 36/36 MP: 18/18
  5050 | D:5      | Entered Level 5 of the Dungeon
  5209 | D:5      | Reached skill level 3 in Hexes
  5258 | D:5      | Found a radiant altar of Vehumet.
  5295 | D:5      | Reached skill level 7 in Summonings
  5295 | D:5      | Reached skill level 1 in Air Magic
  5349 | D:5      | Reached * piety under Sif Muna
  5349 | D:5      | Reached skill level 7 in Spellcasting
  5349 | D:5      | Reached skill level 2 in Invocations
  5981 | D:5      | Reached skill level 3 in Ice Magic
  6578 | D:6      | Reached XP level 8. HP: 34/41 MP: 20/20
  6690 | D:6      | Reached skill level 2 in Air Magic
  6969 | D:6      | Reached ** piety under Sif Muna
  7436 | D:7      | Found a shattered altar of Ashenzari.
  7460 | D:7      | Reached skill level 8 in Summonings
  7502 | D:7      | Reached skill level 3 in Invocations
  7517 | D:7      | Reached skill level 8 in Spellcasting
  7711 | D:7      | Reached skill level 1 in Fighting
  7856 | D:7      | Reached skill level 4 in Ice Magic
  7865 | D:7      | Reached skill level 3 in Air Magic
  7872 | D:7      | Found an iron altar of Okawaru.
  7986 | D:7      | Found a glowing golden altar of the Shining One.
  8094 | D:7      | Found a shimmering altar of Xom.
  8114 | D:7      | Found a glowing silver altar of Zin.
  8135 | D:7      | Found a burning altar of Makhleb.
  8748 | D:8      | Reached XP level 9. HP: 27/48 MP: 23/23
  8801 | D:8      | Found a shimmering altar of Xom.
  8981 | D:8      | Reached *** piety under Sif Muna
  9034 | D:8      | Reached skill level 2 in Fighting
  9181 | D:8      | Found a blossoming altar of Fedhas.
  9204 | D:8      | Reached skill level 9 in Summonings
  9683 | D:9      | Reached skill level 9 in Spellcasting
  9689 | D:9      | Found a staircase to the Orcish Mines.
  9691 | D:9      | Reached skill level 4 in Invocations
  9694 | D:9      | Noticed a troll
  9700 | D:9      | Killed a troll
  9906 | D:9      | Reached skill level 5 in Ice Magic
 10074 | D:9      | Reached skill level 10 in Spellcasting
 10074 | D:9      | Reached **** piety under Sif Muna
 10315 | D:9      | Reached skill level 4 in Air Magic
 10321 | D:10     | Entered Level 10 of the Dungeon
 10322 | D:10     | Noticed PeterLawrence's ghost (journeyman MiFi)
 10340 | D:10     | Killed PeterLawrence's ghost
 10340 | D:10     | Reached skill level 3 in Fighting
 10340 | D:10     | Reached XP level 10. HP: 49/56 MP: 18/26
 10564 | D:10     | Reached skill level 1 in Shields
 10564 | D:10     | Reached skill level 5 in Invocations
 10630 | D:10     | Noticed Grum
 10636 | D:10     | Killed Grum
 10669 | D:10     | Noticed a hill giant
 10680 | D:10     | Killed a hill giant
 10680 | D:10     | Reached skill level 10 in Summonings
 10894 | D:10     | Reached ***** piety under Sif Muna
 11097 | D:10     | Found a basalt altar of Yredelemnul.
 11576 | D:11     | Reached skill level 11 in Spellcasting
 11690 | D:11     | Got a jewelled whip
 11691 | D:11     | Identified the +9 whip of Action {slash, -Tele rC+ Dex+6 Stlth+} (You found it on level 11 of the Dungeon)
 11750 | D:11     | Reached skill level 5 in Air Magic
 11851 | D:11     | Noticed a green ugly thing
 11861 | D:11     | Killed a green ugly thing
 11864 | D:11     | Reached skill level 2 in Shields
 12150 | D:11     | Reached skill level 1 in Armour
 12219 | D:11     | Found a staircase to the Lair.
 12263 | D:11     | Reached skill level 1 in Polearms
 12267 | D:11     | Noticed Urug
 12270 | D:11     | Hit by a javelin of returning thrown by Urug

Skill      XL: |  1  2  3  4  5  6  7  8  9 10 |
---------------+-------------------------------+-----
Spellcasting   | 4 5 6 7 8 10 11 | 11.6
Summonings     | 5 6 7 8 9 10 | 10.7
Ice Magic      | 1 2 3 4 5 |  5.0
Hexes          | 1 2 3 |  3.0
Invocations    | 1 2 3 4 5 |  5.7
Air Magic      | 1 3 4 5 |  5.0
Fighting       | 1 3 |  3.7
Shields        | 2 |  2.5
Armour         | 1 |  1.0
Polearms       | 1 |  1.0
Dodging        | |  2.4
Stealth        | |  2.4

Action                   |  1- 3 |  4- 6 |  7- 9 | 10-12 || total
-------------------------+-------+-------+-------+-------++-------
Melee: Unarmed           |    20 |       |       |       ||    20
       Spear             |   118 |   105 |       |       ||   223
       Trident           |       |    31 |   292 |   122 ||   445
 Cast: Summon Small Mamm |    10 |       |       |       ||    10
       Call Imp          |    19 |    14 |       |       ||    33
       Call Canine Famil |     1 |     9 |     8 |     8 ||    26
       Summon Ice Beast  |       |    13 |    66 |    36 ||   115
       Summon Guardian G |       |     1 |     3 |     2 ||     6
       Summon Lightning  |       |       |    17 |    12 ||    29
Evoke: Wand              |       |     1 |       |       ||     1
  Use: Scroll            |       |     4 |     3 |     1 ||     8
 Stab: Sleeping          |     8 |     4 |     7 |       ||    19
       Distracted        |       |     1 |     1 |     3 ||     5
  Eat: Chunk             |     5 |     9 |    22 |     8 ||    44
       Beef jerky        |       |     1 |     1 |       ||     2
Armor: Robe              |    39 |    15 |    49 |    28 ||   131
Dodge: Dodged            |   107 |    60 |   152 |    46 ||   365
